 Dungeon Crawl Stone Soup version 0.22.1-1-ga44c0e5 (webtiles) character file.

46 slowcore the Sneak (level 3, -3/17 HPs)
             Began as a Vine Stalker Enchanter on Oct 24, 2018.
             Slain by a kobold
             ... wielding a +0 short sword
              (5 damage)
             ... on level 2 of the Dungeon.
             The game lasted 00:02:25 (1292 turns).

slowcore the Sneak (Vine Stalker Enchanter)         Turns: 1292, Time: 00:02:25

Health: -3/17      AC:  3    Str: 10    XL:     3   Next: 66%
Magic:  0/7        EV: 11    Int: 15    God:
Gold:   38         SH:  3    Dex: 15    Spells: 5/6 levels left

rFire    . . .     SeeInvis .   l - +1 dagger (vamp)
rCold    . . .     Gourm    .   m - +0 buckler
rNeg     . . .     Faith    .   n - +0 robe (curse)
rPois    .         Spirit   +   (no helmet)
rElec    .         Reflect  .   o - +0 cloak
rCorr    .         Harm     .   (no gloves)
MR       .....                  (no boots)
Stlth    +++.......             (no amulet)
HPRegen  0.05/turn              (no ring)
MPRegen  0.10/turn              (no ring)

@: no status effects
A: fangs 2, magic shield, antimagic bite, no potion heal 3, rot immunity
a: no special abilities


You were on level 2 of the Dungeon.
You were not hungry.

You visited 1 branch of the dungeon, and saw 2 of its levels.

You collected 38 gold pieces.

Inventory:

Hand Weapons
 a - a +1 dagger
 l - a +1 vampiric dagger (weapon)
Armour
 b - a +0 robe
 m - a +0 buckler (worn)
 n - a cursed +0 robe (worn)
 o - a +0 cloak (worn)
Scrolls
 g - a scroll of magic mapping {unknown}
 j - 3 scrolls of identify {unknown}
 k - a scroll of amnesia {unknown}
Potions
 c - a potion of haste {unknown}
 e - a potion of mutation {unknown}
 f - 2 potions of curing {unknown}
 h - a potion of magic {unknown}
 i - a potion of lignification {unknown}
Comestibles
 d - 2 rations


   Skills:
 - Level 0.6 Fighting
 * Level 2.1 Short Blades
 - Level 1.5 Dodging
 + Level 4.1 Stealth
 + Level 0.3 Shields
 - Level 2.1 Spellcasting
 + Level 3.3 Hexes


You had 5 spell levels left.
You knew the following spells:

 Your Spells              Type           Power        Failure   Level  Hunger
a - Corona                Hex            ##.....      9%          1    #......

Your spell library contained the following spells:

 Spells                   Type           Power        Failure   Level  Hunger
 Ensorcelled Hibernation  Hex/Ice        #.....       26%         2    ###....
 Confuse                  Hex            ##......     26%         3    ###....
 Tukima's Dance           Hex            ##......     26%         3    ###....
 Dazzling Spray           Conj/Hex       #.....       47%         3    ###....


Dungeon Overview and Level Annotations

Branches:
Dungeon (2/15)

Altars:


Innate Abilities, Weirdness & Mutations

You have extremely sharp teeth.
When hurt, damage is shared between your health and your magic reserves.
Your bite disrupts and absorbs the magic of your enemies.
Potions cannot restore your health.
You are immune to rotting.


Message History

The worm bites you!
Ouch! That really hurt!
You barely miss the worm. You bite the worm.
You kill the worm!
You block the quokka's attack.
You see here a worm corpse.
You hit the quokka. You bite the quokka, but do no damage.
The quokka is moderately wounded.
The quokka bites you.
* * * LOW HITPOINT WARNING * * *
The quokka bites you.
* * * LOW HITPOINT WARNING * * *
You closely miss the quokka.
The quokka is moderately wounded.
The quokka bites you.
* * * LOW HITPOINT WARNING * * *
You hit the quokka but do no damage. Your bite misses the quokka.
The quokka is moderately wounded.
The kobold hits you with a short sword.
You die...

.####..###.##### ..
#.............g.....
........#...####....
........#...........
##......#...........
.........?.....##.#
.............).#
...............#
......K@.#.#...#
......r..#.#...#
.........#.###.#
##...#####.# ...
#... ... .### ....
... .## ...


You could see a quokka and a kobold.

Vanquished Creatures
  An ooze (D:1)
  A worm (D:2)
  A dart slug (D:1)
  A leopard gecko (D:2)
  3 giant cockroaches (D:1)
  3 goblins
  6 hobgoblins (D:1)
  A quokka (D:2)
  4 bats (D:1)
  A frilled lizard (D:1)
  10 kobolds
  3 rats (D:1)
35 creatures vanquished.

Notes
Turn   | Place    | Note
-------+----------+-------------------------------------------
     0 | D:1      | slowcore the Vine Stalker Enchanter began the quest for the
                  | Orb.
     0 | D:1      | Reached XP level 1. HP: 9/9 MP: 4/4
    12 | D:1      | Reached skill level 1 in Short Blades
    59 | D:1      | Reached XP level 2. HP: 5/13 MP: 3/6
   891 | D:1      | Reached skill level 4 in Stealth
   903 | D:1      | Reached XP level 3. HP: 13/17 MP: 5/7
  1292 | D:2      | Slain by a kobold

Skill      XL: |  1  2  3 |
---------------+----------+-----
Short Blades   | 1 2 |  2.1
Stealth        | 4 |  4.1
Fighting       | |  0.6
Dodging        | |  1.5
Shields        | |  0.3
Spellcasting   | |  2.1
Hexes          | |  3.3

Action                   || total
-------------------------++-------
Melee: Dagger            ||   115
       Bite              ||    22
 Stab: Distracted        ||     1
       Sleeping          ||     6
  Eat: Ration            ||     2
Armor: Robe              ||    17
Dodge: Dodged            ||    52
Block: Buckler           ||     4
